 Seeded DCSS version 0.30-a0-279-g4b46babb21 (webtiles) character file.

Game seed: 14720310581446802608 (custom seed)

1263 purpskrrrp the Grappler (level 8, -1/74 HPs)
             Began as a Troll Fighter on Oct 16, 2022.
             Was a Believer of Okawaru.
             Slain by an iguana (3 damage)
             ... on level 6 of the Dungeon.
             The game lasted 00:05:43 (3856 turns).

purpskrrrp the Grappler (Troll Fighter)             Turns: 3856, Time: 00:05:44

Health: -1/74      AC:  4    Str: 33    XL:     8   Next: 27%
Magic:  6/7        EV:  8    Int:  4    God:    Okawaru [**....]
Gold:   251        SH:  8    Dex:  9    Spells: 7/7 levels left

rFire   . . .      SeeInvis .      - Unarmed
rCold   . . .      Faith    +    b - +0 kite shield
rNeg    . . .      Spirit   .    a - +0 robe
rPois   .          Reflect  .    (helmet restricted)
rElec   .          Harm     .    (no cloak)
rCorr   .          Rampage  .    (gloves unavailable)
Will    .....                    (boots unavailable)
Stlth   +.........               g - amulet of faith
HPRegen 1.12/turn                v - +6 ring of strength
MPRegen 0.10/turn                (no ring)

@: weakened
A: large, unfitting armour, claws 3, regeneration 1, shaggy fur 1, tough skin 1
a: Renounce Religion, Heroism


You were on level 6 of the Dungeon.
You worshipped Okawaru.
Okawaru was pleased with you.
You visited 1 branch of the dungeon, and saw 6 of its levels.

You collected 251 gold pieces.

Inventory:

Hand Weapons
 w - a +0 giant spiked club
Armour
 a - a +0 robe (worn)
 b - a +0 kite shield (worn)
Jewellery
 g - an amulet of faith (around neck)
 n - a ring of protection from fire
 o - a +6 ring of intelligence
 q - a ring of willpower
 u - a ring of willpower
 v - a +6 ring of strength (left claw)
Wands
 y - a wand of light (12)
 z - a wand of flame (32)
Scrolls
 c - 2 scrolls of noise {unknown}
 i - 3 scrolls of teleportation {unknown}
 j - 2 scrolls of torment {unknown}
 k - a scroll of enchant weapon {unknown}
 l - 2 scrolls of blinking {unknown}
 p - 2 scrolls of identify {unknown}
 r - a scroll of silence {unknown}
 x - a scroll of immolation {unknown}
Potions
 d - 3 potions of curing {unknown}
 f - 2 potions of heal wounds {unknown}
 h - a potion of haste {unknown}
 m - a potion of flight {unknown}
 s - a potion of degeneration {unknown}
 t - a potion of ambrosia {unknown}


   Skills:
 - Level 2.4 Fighting
 - Level 2.4 Dodging
 + Level 5.3 Shields
 + Level 8.9 Unarmed Combat


You had 7 spell levels left.
You didn't know any spells.
Your spell library contained the following spells:

 Spells                   Type           Power      Damage    Failure   Level
 Magic Dart               Conj           0%         1d3       77%         1
 Shock                    Conj/Air       0%         1d3       77%         1
 Mephitic Cloud           Conj/Pois/Air  0%         N/A       98%         3
 Swiftness                Air            0%         N/A       98%         3
 Airstrike                Air            0%         2d(0-16)  100%        4
 Call Imp                 Summ           Unusable   N/A       N/A         2

Dungeon Overview and Level Annotations

Branches:
Dungeon (6/15)             Temple (0/1) D:6

Altars:
Cheibriados
Makhleb
Okawaru
Vehumet
Yredelemnul

Annotations:
D:3 3 runed translucent doors, valliere's ghost, amateur VSSu
D:5 1 runed translucent door


Innate Abilities, Weirdness & Mutations

You are too large for most types of armour.
You have claws for hands.
Your natural rate of healing is unusually fast.
You are covered in fur. (AC +1)
You have tough skin. (AC +1)


Message History

You are too injured to fight recklessly!
You are too injured to fight recklessly!
You are too injured to fight recklessly!
You are too injured to fight recklessly!
You are too injured to fight recklessly!
You are too injured to fight recklessly!
You are too injured to fight recklessly!
You are too injured to fight recklessly!
You are too injured to fight recklessly!
The bullfrog hits you. You block the gnoll's attack.
The gnoll closely misses you. The iguana misses you.
You block the bullfrog's attack. The hound bites you.
You claw the iguana!
The iguana is severely wounded.
The gnoll hits you with a +0 flail. The bullfrog hits you. The hound bites you.
* * * LOW HITPOINT WARNING * * *
The iguana bites you!
* * * LOW HITPOINT WARNING * * *
The gnoll hits you but does no damage.
You closely miss the iguana.
The iguana is severely wounded.
You block the bullfrog's attack. The hound barely misses you.
The gnoll barely misses you. You block the gnoll's attack.
The iguana bites you.
* * * LOW HITPOINT WARNING * * *
The gnoll bouda prays to its god.
The gnoll bouda is healed somewhat.
You are too injured to fight recklessly!
Attack: -) Claws
Press: ? - help, Dir - move target, f - iguana
Aim: an iguana (severely wounded, about 34% to evade your claws)
Okay, then.
As you read the scroll labelled RUMIBB JAHI, it crumbles to dust.
You feel aware of your surroundings.
You sensed 1 shop/portal.
It was a scroll of magic mapping.
The bullfrog hits you.
* * * LOW HITPOINT WARNING * * *
The hound bites you but does no damage. The gnoll hits you with a +0 flail!
* * * LOW HITPOINT WARNING * * *
The iguana bites you.
You die...

***** ****,........#,# ,,,,*
#.,.#.....#.# ,,,,*
#..,......#.###*****
,,,,***###..##..........,,,,*
,,,,*,.,...........#....,,,,*
,,,,,,..,.............,,,,,,*
,,,,,,...#.##...o..#,,,,,,,,*
*,*,,,.....#...ghg.#,,,,,,,,**
,,,,,,.......#gl@Fg#,,,,,,,,,*
**,,,,.........#####,,,,,,,,,*
**,,,,.......<...#**,,,,,,,,,*
,,,,,,.........#.....,,,,,,,,*
,,,,,,.(.##....#####..,,,,,,,*
,,,,,*.#,*#.....,,,,,,,,,,,,,*
,,,,,,,,,,..##..#***,,,,,,,,,*
,,*,,,,,,..#,..## ********,**
,,,,*,,,...,,.## *,*


You could see a bullfrog, a gnoll bouda, an iguana, a hound, 3 gnolls and an
orc.

Vanquished Creatures
  A black bear (D:4)
  An orc warrior (D:5)
  An ice beast (D:5)
  2 ogres (D:5)
  A phantom (D:5)
  2 necrophages (D:5)
  A howler monkey (D:5)
  A crimson imp (D:5)
  An iron imp (D:4)
  A jelly (D:4)
  3 orc priests
  2 iguanas
  6 orc wizards
  4 gnolls
  3 adders
  An ufetubus (D:5)
  5 worms
  5 dart slugs
  18 orcs
  7 ball pythons
  5 bats
  An endoplasm (D:1)
  2 giant cockroaches
  7 goblins
  9 hobgoblins
  10 jackals
  5 quokkas
  3 frilled lizards
  5 kobolds
  A kobold skeleton (D:5)
  8 rats
122 creatures vanquished.

Notes
Turn   | Place    | Note
-------+----------+-------------------------------------------
     0 | D:1      | purpskrrrp the Troll Fighter began the quest for the Orb.
     0 | D:1      | Reached XP level 1. HP: 22/22 MP: 0/0
   156 | D:1      | Reached XP level 2. HP: 29/29 MP: 1/1
   288 | D:1      | Reached skill level 3 in Unarmed Combat
   430 | D:1      | Reached XP level 3. HP: 36/36 MP: 2/2
   702 | D:2      | Reached skill level 4 in Unarmed Combat
   730 | D:2      | Found a faded altar of an unknown god.
   913 | D:2      | Reached XP level 4. HP: 31/44 MP: 3/3
  1574 | D:3      | Reached skill level 5 in Unarmed Combat
  1587 | D:3      | Found a runed translucent gate.
  1587 | D:3      | Found a runed translucent gate.
  1587 | D:3      | Found a runed translucent gate.
  1588 | D:3      | Noticed valliere's ghost (amateur VSSu)
  1938 | D:3      | Found an iron altar of Okawaru.
  2068 | D:3      | Reached XP level 5. HP: 50/50 MP: 4/4
  2250 | D:3      | Became a worshipper of Warmaster Okawaru
  2312 | D:4      | Noticed a black bear
  2319 | D:4      | Killed a black bear
  2320 | D:4      | Reached skill level 6 in Unarmed Combat
  2320 | D:4      | Reached XP level 6. HP: 58/59 MP: 5/5
  2390 | D:4      | Found a snail-covered altar of Cheibriados.
  2396 | D:4      | Reached * piety under Okawaru
  2397 | D:4      | Reached skill level 7 in Unarmed Combat
  2518 | D:4      | Identified the +11 dagger "Teud" {vorpal, *Noise Fly Str+3
                  | Dex+2}
  2793 | D:5      | Entered Level 5 of the Dungeon
  2843 | D:5      | Reached XP level 7. HP: 60/66 MP: 6/6
  2904 | D:5      | Reached ** piety under Okawaru
  2905 | D:5      | Reached skill level 8 in Unarmed Combat
  3253 | D:5      | Reached XP level 8. HP: 67/74 MP: 7/7
  3304 | D:5      | Reached skill level 5 in Shields
  3498 | D:5      | Found a radiant altar of Vehumet.
  3498 | D:5      | Found a burning altar of Makhleb.
  3578 | D:5      | Found a runed translucent door.
  3582 | D:5      | Found a basalt altar of Yredelemnul.
  3856 | D:6      | HP: 2/74 [gnoll/+0 flail[a gnoll bouda] (9)]
  3856 | D:6      | Slain by an iguana

Illustrated notes

Levels and vault maps discovered:
D:1:      giann_forest_graveyard, layout_basic
D:2:      minmay_general_purpose_star, layout_loops_corners,
          ebering_ecumenical_altar_petrified
D:3:      layout_basic, hellmonk_okawaru_the_only_friend_you_need,
          ebering_ghost_rock_garden, minmay_circle_x
D:4:      layout_basic, slow_altar_1
D:5:      layout_loops_corners, grunt_temple_overflow_lords_of_destruction,
          dk_yredelemnul_ordeal, hangedman_decor_clover_reticule,
          minmay_splitting_lines, minmay_misc_feat_pillars
D:6:      layout_rooms, minmay_temple_entry_drinking_statues, serial_shops,
          shop, minmay_statues_item

Skill      XL: |  1  2  3  4  5  6  7  8 |
---------------+-------------------------+-----
Unarmed Combat | 3 4 5 6 7 8 |  8.9
Shields        | 3 4 5 |  5.3
Fighting       | |  2.4
Dodging        | |  2.4

Action                   |  1- 3 |  4- 6 |  7- 9 || total
-------------------------+-------+-------+-------++-------
Melee: Unarmed           |    85 |   157 |    90 ||   332
Invok: Heroism           |       |       |     4 ||     4
  Use: Potion            |       |     1 |       ||     1
       Scroll            |       |       |     1 ||     1
 Stab: Sleeping          |       |     1 |       ||     1
Armor: Robe              |    25 |    47 |    10 ||    82
Dodge: Dodged            |    34 |    39 |    41 ||   114
Block: Kite shield       |    29 |    35 |    38 ||   102

Table legend: (Time is in decaauts)
 A = Elapsed time spent in this place.
 B = Non-inter-level travel time spent in this place.
 C = Inter-level travel time spent in this place.
 D = Time resting spent in this place.
 E = Time spent auto-exploring this place.
 F = Levels seen in this place.
 G = Mean time per level.
                   A        B        C        D        E       F      G
               +--------+--------+--------+--------+--------+-----+--------+
         Total |   3857 |   3713 |    144 |     52 |   2922 |   6 |  642.8 |
       Dungeon |   3857 |   3713 |    144 |     52 |   2922 |   6 |  642.8 |
               +--------+--------+--------+--------+--------+-----+--------+

Top non-repeatable levels by time:
     D:5: 1040 daAuts
     D:2: 935 daAuts
     D:3: 749 daAuts
     D:1: 595 daAuts
     D:4: 519 daAuts
     D:6: 16 daAuts
